 Dungeon Crawl Stone Soup version 0.20.0-15-g7f486f2 (webtiles) character file.

2685 Inarius the Digger (level 9, -2/45 HPs)
             Began as a Gargoyle Earth Elementalist on June 23, 2017.
             Was a Follower of Hepliaklqana.
             Slain by a hog (8 damage)
             ... on level 7 of the Dungeon.
             The game lasted 00:28:03 (8426 turns).

Inarius the Digger (Gargoyle Earth Elementalist)    Turns: 8426, Time: 00:28:04

Health: -2/45      AC: 10    Str: 11    XL:     9   Next: 64%
Magic:  10/27      EV: 12    Int: 24    God:    Hepliaklqana [*.....]
Gold:   245        SH:  4    Dex: 10    Spells: 5/20 levels left

rFire    x . .     SeeInvis .   a - +1 dagger (elec)
rCold    + . .     Gourm    .   g - +0 buckler
rNeg     + . .     Faith    .   w - +0 leather armour
rPois    ∞         Spirit   .   (no helmet)
rElec    +         Reflect  .   (no cloak)
rCorr    .         Harm     .   l - +0 pair of gloves
MR       +....                  (no boots)
Stlth    ++........             (no amulet)
Regen    0.2/turn               s - ring of magical power
MPRegen  0.2/turn               D - ring of ice

@: no status effects
A: reduced essence, blink, clever 2, magic resistance 1, mutation resistance 1,
negative energy resistance 1, electricity resistance, unbreathing, petrification
resistance, rot immunity, AC +5
a: Blink, Recall Ancestor, Ancestor Identity, Renounce Religion


You were on level 7 of the Dungeon.
You worshipped Hepliaklqana.
Hepliaklqana was aware of your devotion.
You were not hungry.

You visited 2 branches of the dungeon, and saw 8 of its levels.

You collected 245 gold pieces.

Inventory:

Hand Weapons
 a - a +1 dagger of electrocution (weapon)
 A - a +2 short sword of speed
Missiles
 b - 102 stones (quivered)
Armour
 c - a +0 robe
 f - a +0 ring mail
 g - a +0 buckler (worn)
 h - a +0 scale mail
 l - a +0 pair of gloves (worn)
 w - a +0 leather armour (worn)
Jewellery
 s - a ring of magical power (left hand)
 D - a ring of ice (right hand)
Wands
 q - a wand of random effects (18/48)
 x - a wand of confusion (30/48)
 y - a wand of iceblast (6/15)
 B - a wand of polymorph (5/24)
 C - a wand of confusion (37/48)
Scrolls
 i - a scroll of fear {unknown}
 j - 4 scrolls of remove curse
 k - 5 scrolls of teleportation
 n - 2 scrolls of recharging {unknown}
Potions
 e - a potion of resistance {unknown}
 m - 4 potions of curing
 r - 2 potions of mutation
 u - a potion of magic
 z - 2 potions of lignification {unknown}
Comestibles
 o - 19 fruits
 p - 2 bread rations
 t - a meat ration
 v - 5 royal jellies


   Skills:
 * Level 3.4 Fighting
 + Level 3.9 Armour
 + Level 3.0 Dodging
 - Level 2.1 Stealth
 - Level 4.0 Shields
 + Level 6.1 Spellcasting
 * Level 6.0 Conjurations
 * Level 2.6 Transmutations
 + Level 7.5 Earth Magic


You had 5 spell levels left.
You knew the following spells:

 Your Spells              Type           Power        Failure   Level  Hunger
a - Sandblast             Erth           #####.       1%          1    None
b - Stone Arrow           Conj/Erth      #####.       1%          3    #......
c - Lee's Rapid Deconstr  Erth           #####.....   12%         5    #####..
d - Petrify               Tmut/Erth      ####....     12%         4    ###....
e - Passwall              Tmut/Erth      ####......   1%          2    None


Dungeon Overview and Level Annotations

Branches:
Dungeon (7/15)             Temple (1/1) D:6

Altars:
Ashenzari
Cheibriados
Dithmenos
Elyvilon
Fedhas
Gozag
Hepliaklqana
Kikubaaqudgha
Makhleb
Nemelex Xobeh
Okawaru
Qazlal
Ru
Sif Muna
Trog
Uskayaw
Vehumet
Xom
Yredelemnul
Zin
The Shining One


Innate Abilities, Weirdness & Mutations

You are resistant to torment.
Your stone body is resilient. (AC +5)
You are immune to poison.
You resist negative energy. (rN+)
You are resistant to electric shocks. (rElec)
You can survive without breathing.
You are immune to petrification.
You are immune to rotting.
Your life essence is reduced. (-10% HP)
You can translocate small distances at will.
Your mind is very acute. (Int +4)
You are resistant to hostile enchantments. (MR+)
You are somewhat resistant to further mutation.


Message History

Casting: Stone Arrow
Confirm with . or Enter, or press ? or * to list all spells.
Aiming: Stone Arrow
Press: ? - help, Shift-Dir - straight line, f/p - hog
Aim: a hog (lightly wounded)
The stone arrow hits the hog.
The hog is moderately wounded.
The hog misses you. The hog bites you but does no damage. The hog bites you.
* * * LOW HITPOINT WARNING * * *
You block the hog's attack.
Okay, then.
The hog closely misses you. The hog barely misses you.
The hog closely misses you. The hog bites you but does no damage.
You block the hog's attack. The hog closely misses you. The hog bites you.
* * * LOW HITPOINT WARNING * * *
There is a stone staircase leading up here.
The hog closely misses you. The hog bites you!
You die...

# #. #.###+########
############....@.......#
...........#...hhh......#
...##.#.##.#............#
...##.#.##.##...........#
...##R#.##.##...........#
...##...##.##...........#
...#######.##...........#
......#...>.+...........#
..###.#..##.#...........#


You could see 3 hogs.

Vanquished Creatures
  The ghost of Inarius the Digger, a novice GrEE (D:5)
  A hog (D:7)
  A human (D:7)
  An ice beast (D:6)
  2 sky beasts
  4 centaurs
  4 phantoms
  2 scorpions (D:6)
  4 wights (D:6)
  A howler monkey (D:6)
  5 crimson imps
  2 hounds
  2 jellies
  2 orc priests (D:3)
  A centaur skeleton (D:4)
  An orc wizard (D:3)
  2 worker ants
  4 hound skeletons
  8 adders
  A shadow imp (D:5)
  3 oozes
  3 worms (D:2)
  4 dart slugs
  3 leopard geckos
  23 orcs
  15 giant cockroaches
  17 goblins
  6 hobgoblins
  7 jackals
  12 kobolds
  5 quokkas
  3 ball pythons
  10 bats
  5 frilled lizards
  A giant cockroach zombie (D:5)
  3 rats
169 creatures vanquished.

Vanquished Creatures (collateral kills)
  Sigmund (D:5)
1 creature vanquished.

Vanquished Creatures (others)
  2 ancestors
2 creatures vanquished.

Grand Total: 172 creatures vanquished

Notes
Turn   | Place    | Note
-------+----------+-------------------------------------------
     0 | D:1      | Inarius the Gargoyle Earth Elementalist began the quest for the Orb.
     0 | D:1      | Reached XP level 1. HP: 10/10 MP: 3/3
   152 | D:1      | Found a shattered altar of Ashenzari.
   165 | D:1      | Reached skill level 4 in Earth Magic
   166 | D:1      | Reached XP level 2. HP: 13/15 MP: 1/5
   544 | D:1      | Reached XP level 3. HP: 11/20 MP: 3/6
  1431 | D:2      | Found a deep blue altar of Sif Muna.
  1433 | D:2      | Found a sacrificial altar of Ru.
  1445 | D:2      | Reached skill level 1 in Fighting
  1445 | D:2      | Reached XP level 4. HP: 16/25 MP: 7/7
  1449 | D:2      | Found a shattered altar of Ashenzari.
  1450 | D:2      | Found a basalt altar of Yredelemnul.
  1546 | D:2      | Found a hide-covered altar of Uskayaw.
  1622 | D:2      | Learned a level 3 spell: Stone Arrow
  1721 | D:2      | Reached skill level 1 in Armour
  2636 | D:3      | Reached skill level 1 in Shields
  2636 | D:3      | Reached XP level 5. HP: 26/29 MP: 9/9
  2746 | D:3      | HP: 1/29 [orc priest/divine providence (14)]
  2749 | D:3      | Reached skill level 1 in Conjurations
  3491 | D:3      | Reached XP level 6. HP: 31/34 MP: 10/10
  3806 | D:3      | Reached skill level 5 in Earth Magic
  4529 | D:5      | Entered Level 5 of the Dungeon
  4529 | D:5      | Noticed a phantom
  4537 | D:5      | Killed a phantom
  4653 | D:5      | Reached XP level 7. HP: 38/38 MP: 12/12
  4788 | D:5      | Noticed Inarius's ghost (novice GrEE)
  5440 | D:5      | Reached skill level 6 in Earth Magic
  5543 | D:5      | Noticed Sigmund
  5588 | D:6      | Reached XP level 8. HP: 43/43 MP: 10/15
  5691 | D:6      | Learned a level 5 spell: Lee's Rapid Deconstruction
  5696 | D:6      | Learned a level 4 spell: Petrify
  5699 | D:6      | Learned a level 2 spell: Passwall
  5844 | D:6      | Reached skill level 5 in Spellcasting
  6009 | D:6      | Gained mutation: You are resistant to hostile enchantments. (MR+) [mutagenic meat]
  6010 | D:6      | Gained mutation: Your mind is acute. (Int +2) [mutagenic meat]
  6011 | D:6      | Gained mutation: You can translocate small distances at will. [mutagenic meat]
  6012 | D:6      | Gained mutation: Your mind is very acute. (Int +4) [mutagenic meat]
  6142 | D:6      | Reached skill level 1 in Transmutations
  6580 | D:6      | Found a staircase to the Ecumenical Temple.
  6589 | Temple   | Entered the Ecumenical Temple
  6701 | Temple   | Became a worshipper of Hepliaklqana the Forgotten
  6930 | D:5      | Reached XP level 9. HP: 37/43 MP: 15/17
  7134 | D:6      | Reached skill level 5 in Conjurations
  7291 | D:5      | Killed Sigmund
  7291 | D:5      | Reached skill level 7 in Earth Magic
  7396 | D:5      | Found a sparkling altar of Nemelex Xobeh.
  7525 | D:5      | Killed Inarius's ghost
  7544 | D:5      | Lost mutation: Your mind is very acute. (Int +4) [mutagenic meat]
  7545 | D:5      | Gained mutation: You are somewhat resistant to further mutation. [mutagenic meat]
  7546 | D:5      | Gained mutation: Your mind is very acute. (Int +4) [mutagenic meat]
  8323 | D:7      | Reached * piety under Hepliaklqana
  8426 | D:7      | Slain by a hog

Skill      XL: |  1  2  3  4  5  6  7  8  9 |
---------------+----------------------------+-----
Earth Magic    | 4 5 6 7 |  7.5
Fighting       | 1 2 3 |  3.4
Dodging        | 2 3 |  3.0
Armour         | 1 2 3 |  3.9
Shields        | 1 2 3 4 |  4.0
Spellcasting   | 3 4 5 6 |  6.1
Conjurations   | 1 3 4 6 |  6.0
Transmutations | 1 2 |  2.6
Stealth        | |  2.1

Action                   |  1- 3 |  4- 6 |  7- 9 || total
-------------------------+-------+-------+-------++-------
Melee: Unarmed           |    29 |       |       ||    29
       Dagger            |    63 |   238 |   139 ||   440
 Cast: Sandblast         |    16 |    26 |     6 ||    48
       Stone Arrow       |       |     3 |    74 ||    77
       Lee's Rapid Decon |       |       |     1 ||     1
Invok: Ancestor Identity |       |       |     1 ||     1
  Use: Scroll            |       |     5 |     5 ||    10
       Potion            |       |     1 |       ||     1
 Stab: Sleeping          |     2 |     2 |       ||     4
       Distracted        |       |     1 |     1 ||     2
  Eat: Chunk             |     2 |    10 |    18 ||    30
       Bread ration      |       |       |     2 ||     2
Armor: Robe              |    41 |    14 |       ||    55
       Scale mail        |       |    76 |       ||    76
       Leather armour    |       |    17 |    59 ||    76
Dodge: Dodged            |    70 |   112 |    90 ||   272
Block: Buckler           |       |    19 |    38 ||    57
